 Dungeon Crawl Stone Soup version 0.27.0-1-g7a089689b8 (webtiles) character file.

Game seed: 2049822997015082357

16 Brandom the Skirmisher (level 2, -3/25 HPs)
             Began as a Palentonga Monk on Aug 9, 2021.
             Succumbed to a kobold's poison
             ... on level 1 of the Dungeon.
             The game lasted 00:01:00 (637 turns).

Brandom the Skirmisher (Palentonga Monk)             Turns: 637, Time: 00:01:01

Health: -3/25      AC:  5    Str: 14    XL:     2   Next: 41%
Magic:  2/2        EV:  9    Int: 10    God:
Gold:   53         SH:  0    Dex: 12    Spells: 1/1 levels left

rFire    . . .     SeeInvis +   a - +0 falchion
rCold    . . .     Faith    .   (no shield)
rNeg     . . .     Spirit   .   d - +0 ring mail
rPois    .         Reflect  .   (no helmet)
rElec    .         Harm     .   (no cloak)
rCorr    .         Rampage  .   (no gloves)
Will     .....                  (no barding)
Stlth    +.........             (no amulet)
HPRegen  0.08/turn              (no ring)
MPRegen  0.08/turn              (no ring)

@: lethally poisoned (-3 -> -18)
A: large, rugged brown scales 3, see invisible, deformed body, roll 1, armoured
tail
a: Rolling Charge


You were on level 1 of the Dungeon.
You visited 1 branch of the dungeon, and saw 1 of its levels.

You collected 53 gold pieces.

Inventory:

Hand Weapons
 a - a +0 falchion (weapon)
Armour
 b - a +0 robe
 d - a +0 ring mail (worn)
   (You found it on level 1 of the Dungeon)
Scrolls
 c - a scroll of fear {unknown}


   Skills:
 + Level 3.3 Fighting
 + Level 3.3 Long Blades
 + Level 2.6 Dodging
 - Level 1.2 Stealth


You had one spell level left.
You didn't know any spells.
Your spell library was empty.

Dungeon Overview and Level Annotations

Branches:
Dungeon (1/15)

Altars:


Innate Abilities, Weirdness & Mutations

You are completely covered in rugged brown scales. (AC +3, +7% HP)
You have supernaturally acute eyesight. (SInv)
Armour fits poorly on your strangely shaped body.
You can roll at nearby foes to attack.
You have a long armoured tail.


Message History

The endoplasm hits you but does no damage.
You hit the endoplasm.
You kill the endoplasm!
No target in view!
No target in view!
No target in view!
No target in view!
No target in view!
No target in view!
No target in view!
No target in view!
No target in view!
No target in view!
No target in view!
No target in view!
An endoplasm comes into view.
A kobold comes into view. It is wielding a +1 dagger of venom.
The endoplasm quivers.
The kobold shouts!
The kobold hits you but does no damage.
You are poisoned.
You barely miss the kobold.
You feel sick.
The kobold hits you with a +1 dagger of venom.
You closely miss the kobold.
Your tail-slap misses the kobold.
You feel sick. The kobold hits you but does no damage.
You are more poisoned.
You completely miss the kobold.
You feel very sick. The endoplasm barely misses you.
You riposte.
You hit the endoplasm.
The kobold hits you with a +1 dagger of venom.
You are lethally poisoned!
You hit the endoplasm.
You kill the endoplasm!
* * * LOW HITPOINT WARNING * * *
You feel very sick. The kobold hits you but does no damage.
You are more poisoned.
You aren't carrying any potions.
You hit the kobold.
* * * LOW HITPOINT WARNING * * *
You feel very sick. The kobold hits you but does no damage.
You barely miss the kobold.
* * * LOW HITPOINT WARNING * * *
You feel very sick. The kobold barely misses you.
You riposte.
You hit the kobold but do no damage.
Your tail-slap misses the kobold.
Unknown command.
You hit the kobold but do no damage.
You die...

##.# #.# #.# #.#
#.#############.#
#............##.#
############.##.#
#######.##.##
#...........#
#.#####.##..#
#.##@.# #.#.K.#
#.#.#.# #... .#
###. .# #. .# ##
## #######


You could see a kobold.

Vanquished Creatures
  4 endoplasms (D:1)
  A giant cockroach (D:1)
  3 goblins (D:1)
  3 kobolds (D:1)
  A bat (D:1)
  A rat (D:1)
13 creatures vanquished.

Notes
Turn   | Place    | Note
-------+----------+-------------------------------------------
     0 | D:1      | Brandom the Palentonga Monk began the quest for the Orb.
     0 | D:1      | Reached XP level 1. HP: 19/19 MP: 1/1
   422 | D:1      | Reached XP level 2. HP: 25/25 MP: 2/2
   636 | D:1      | HP: 1/25 [poisoned by a kobold]
   637 | D:1      | Succumbed to a kobold's poison

Illustrated notes

Levels and vault maps discovered:
D:1:      lemuel_arrival_muddy, layout_loops_ring, serial_shops, shop

Action                   || total
-------------------------++-------
Melee: Falchion          ||    36
       Tailslap          ||     1
Armor: Ring mail         ||    12
       Robe              ||     1
Dodge: Dodged            ||    20
       Rpst.: Falchion   ||    10
